 Dungeon Crawl Stone Soup version 0.27.1-34-g3ba077fa99 (webtiles) character file.

Game seed: 10987404614918980672

399 Sharkman1231 the Sneak (level 6, -2/46 HPs)
             Began as a Demonspawn Brigand on Jan 9, 2022.
             Slain by a gnoll (9 damage)
             ... on level 4 of the Dungeon.
             The game lasted 00:04:48 (4153 turns).

Sharkman1231 the Sneak (Demonspawn Brigand)         Turns: 4153, Time: 00:04:49

Health: -2/46      AC:  3    Str: 11    XL:     6   Next: 53%
Magic:  6/6        EV:  6    Int: 19    God:
Gold:   196        SH:  0    Dex: 16    Spells: 3/5 levels left

rFire    . . .     SeeInvis .   l - +0 dagger (elec)
rCold    . . .     Faith    .   (no shield)
rNeg     . . .     Spirit   .   b - +0 robe
rPois    .         Reflect  .   (no helmet)
rElec    .         Harm     .   c - +0 cloak
rCorr    .         Rampage  .   (no gloves)
Will     .....                  (no boots)
Stlth    ++++......             o - amulet of the acrobat
HPRegen  0.15/turn              r - +6 ring of intelligence
MPRegen  0.10/turn              (no ring)

@: held, studying Stealth
A: demonic guardian 1, ignite blood 2
a: no special abilities


You were on level 4 of the Dungeon.
You visited 1 branch of the dungeon, and saw 4 of its levels.

You collected 196 gold pieces.

Inventory:

Hand Weapons
 a - a +2 dagger
 l - a +0 dagger of electrocution (weapon)
 s - a +0 short sword of protection
 t - a +0 dagger of draining
Missiles
 e - 2 curare-tipped darts
 j - 4 poisoned darts (quivered)
Armour
 b - a +0 robe (worn)
 c - a +0 cloak (worn)
Jewellery
 o - an amulet of the acrobat (around neck)
 r - a +6 ring of intelligence (left hand)
Scrolls
 d - 2 scrolls of brand weapon {unknown}
 f - a scroll of amnesia {unknown}
 g - 2 scrolls of noise {unknown}
 i - a scroll of vulnerability {unknown}
 k - a scroll of magic mapping {unknown}
 n - 2 scrolls of identify {unknown}
Potions
 m - a potion of degeneration {unknown}
 p - a potion of heal wounds {unknown}
 q - a potion of invisibility {unknown}


   Skills:
 - Level 2.5 Fighting
 + Level 3.4 Short Blades
 - Level 1.7 Throwing
 - Level 1.6 Dodging
 * Level 7.8 Stealth
 + Level 1.7 Hexes


You had 3 spell levels left.
You knew the following spells:

 Your Spells              Type           Power      Damage    Failure   Level
a - Slow                  Hex            6%         N/A       16%         2

Your spell library contained the following spells:

 Spells                   Type           Power      Damage    Failure   Level
 Passwall                 Tmut/Erth      0%         N/A       30%         2
 Confusing Touch          Hex            6%         N/A       30%         3
 Dazzling Flash           Conj/Hex       6%         N/A       41%         3
 Mephitic Cloud           Conj/Pois/Air  0%         N/A       52%         3
 Spider Form              Tmut/Pois      0%         N/A       52%         3
 Swiftness                Air            0%         N/A       52%         3
 Vampiric Draining        Necr           0%         2d6       52%         3
 Fulminant Prism          Conj/Hex       1%         3d6       82%         4
 Iskenderun's Mystic Bla  Conj/Tloc      0%         2d3       90%         4
 Invisibility             Hex            3%         N/A       100%        6
 Starburst                Conj/Fire      0%         6d3       100%        6
 Dragon Form              Tmut           0%         N/A       100%        7


Dungeon Overview and Level Annotations

Branches:
Dungeon (4/15)
 Temple: D:4-7

Altars:
Elyvilon
Okawaru


Innate Abilities, Weirdness & Mutations

A weak demonic guardian rushes to your aid.
Your demonic aura often causes spilled blood to erupt in flames.


Message History

There is an open door here.
The helpless gnoll shaman fails to defend itself.
You spit the gnoll shaman like a pig!!!
Lightning courses through the gnoll shaman!
You kill the gnoll shaman!
The gnoll shouts! x5
The gnoll throws a throwing net.
The throwing net hits you.
You become entangled in the net!
You struggle against the net.
The gnoll hits you from afar with a +0 spear.
Unknown command.
You struggle against the net.
The gnoll hits you from afar with a +0 spear.
The gnoll hits you but does no damage.
You struggle against the net.
The gnoll hits you from afar with a +0 spear.
The gnoll hits you with a +0 flail!
A demonic guardian appears!
Unknown command.
You struggle against the net.
The gnoll hits you from afar with a +0 spear. x2
The gnoll hits you with a +0 flail!
* * * LOW HITPOINT WARNING * * *
Unknown command.
Unknown command.
Okay, then.
You feel better.
The gnoll hits you from afar with a +0 spear.
* * * LOW HITPOINT WARNING * * *
The gnoll closely misses you. The gnoll hits you but does no damage.
Unknown command.
Unknown command.
Unknown command.
You struggle against the net.
The gnoll hits you from afar with a +0 spear.
* * * LOW HITPOINT WARNING * * *
A demonic guardian appears!
The gnoll hits you from afar with a +0 spear.
* * * LOW HITPOINT WARNING * * *
The gnoll hits you with a +0 flail!
You die...

####### .......
..).... .......
....... .....gg
.....g°######
.....5g@5>..#
.....g.####.#
....... #.#
####### #.# #.#
#.#########
#.........#
##############.##
#.......# #.#


You could see 5 gnolls, a friendly iron imp (summoned) and a friendly quasit
(summoned).

Vanquished Creatures
  2 hounds (D:4)
  A gnoll shaman (D:4)
  An orc priest (D:4)
  Natasha (thrice) (D:2)
  A hound skeleton (D:4)
  7 gnolls
  5 adders
  2 worms (D:3)
  4 orcs (D:4)
  6 ball pythons
  13 endoplasms
  3 giant cockroaches
  10 goblins
  6 hobgoblins
  3 jackals (D:2)
  A quokka (D:2)
  4 bats
  A frilled lizard (D:1)
  5 kobolds
  4 rats
82 creatures vanquished.

Notes
Turn   | Place    | Note
-------+----------+-------------------------------------------
     0 | D:1      | Sharkman1231 the Demonspawn Brigand began the quest for the
                  | Orb.
     0 | D:1      | Reached XP level 1. HP: 16/16 MP: 1/1
    30 | D:1      | Reached skill level 1 in Dodging
   367 | D:1      | Gained mutation: Your demonic aura sometimes causes spilled
                  | blood to erupt in flames. [demonic ancestry]
   367 | D:1      | Reached XP level 2. HP: 22/22 MP: 2/2
   715 | D:1      | Found a faded altar of an unknown god.
   811 | D:1      | Got the Papyrus of Excruciating Transmutation
   833 | D:1      | Reached skill level 4 in Stealth
  1098 | D:2      | Gained mutation: Your demonic aura often causes spilled
                  | blood to erupt in flames. [demonic ancestry]
  1098 | D:2      | Reached XP level 3. HP: 28/28 MP: 3/3
  1626 | D:2      | Reached skill level 5 in Stealth
  1647 | D:2      | Reached XP level 4. HP: 25/34 MP: 4/4
  1909 | D:2      | Noticed Natasha
  1922 | D:2      | Killed Natasha
  2330 | D:2      | Noticed Natasha
  2339 | D:2      | Killed Natasha
  2523 | D:2      | Reached skill level 6 in Stealth
  2523 | D:2      | Gained mutation: A weak demonic guardian rushes to your
                  | aid. [demonic ancestry]
  2523 | D:2      | Reached XP level 5. HP: 22/39 MP: 5/5
  2810 | D:2      | Noticed Natasha
  2815 | D:2      | Killed Natasha
  3254 | D:3      | Learned a level 2 spell: Slow
  3353 | D:3      | Found an iron altar of Okawaru.
  3567 | D:4      | Reached skill level 7 in Stealth
  3740 | D:4      | Reached skill level 1 in Hexes
  3740 | D:4      | Reached XP level 6. HP: 43/46 MP: 6/6
  4153 | D:4      | Slain by a gnoll

Illustrated notes

Levels and vault maps discovered:
D:1:      zelgadis_glass_arrival_small, layout_rooms,
          hellmonk_ecumenical_altar_pennies_from_heaven, minmay_pentomino_u4
D:2:      layout_basic, uniq_natasha
D:3:      layout_loops_ring, mainiacjoe_overflow_tiny_flanked
D:4:      layout_basic, nicolae_overflow_hidden_temple

Skill      XL: |  1  2  3  4  5 |
---------------+----------------+-----
Dodging        | 1 |  1.6
Stealth        | 4 5 6 7 |  7.8
Short Blades   | 2 3 |  3.4
Hexes          | 1 |  1.7
Fighting       | |  2.5
Throwing       | |  1.7

Action                   |  1- 3 |  4- 6 || total
-------------------------+-------+-------++-------
Melee: Dagger            |    96 |   104 ||   200
Throw: Dart              |    20 |    16 ||    36
  Use: Potion            |     1 |     1 ||     2
 Stab: Sleeping          |     6 |    10 ||    16
       Distracted        |       |     2 ||     2
Armor: Robe              |    22 |     9 ||    31
Dodge: Dodged            |    72 |    46 ||   118
